 Dungeon Crawl Stone Soup version 0.30.1-9-gdf580d7c3d (webtiles) character file.

Game seed: 6475477431963369156

590 Chiseanne the Trooper (level 7, 19/55 HPs)
             Began as a Demonspawn Wanderer on Oct 5, 2023.
             Was an Initiate of Gozag.
             Quit the game on level 5 of the Dungeon.
             The game lasted 00:09:30 (3201 turns).

Chiseanne the Trooper (Demonspawn Wanderer)         Turns: 3201, Time: 00:09:31

Health: 19/55      AC: 12    Str: 11    XL:     7   Next: 16%
Magic:  8/8        EV: 15    Int: 16    God:    Gozag
Gold:   143        SH:  0    Dex: 13    Spells: 8/8 levels left

rFire   . . .        s - +3 falchion
rCold   . . .        (no shield)
rNeg    . . .        t - +0 scale mail
rPois   .            (helmet restricted)
rElec   .            A - +1 cloak
rCorr   .            y - +0 pair of gloves
SInv    .            (no boots)
Will    .....        (no amulet) Stlth
                     m - +5 ring of evasion
HPRegen 0.29/turn    (no ring)
MPRegen 0.11/turn

%: no passive effects
@: gold aura, studying Short Blades
A: antennae 1, yellow scales 1, ignite blood 1, demonic magic 1
a: Renounce Religion, Potion Petition, Call Merchant, Bribe Branch


You were on level 5 of the Dungeon.
You worshipped Gozag.
Gozag was aware of your devotion.
You visited 2 branches of the dungeon, and saw 6 of its levels.

You collected 196 gold pieces.
You paid 53 gold pieces to Gozag.

Inventory:

Hand Weapons
 a - a +4 dagger of venom
 i - a +0 heavy war axe
 s - a +3 falchion (weapon)
Missiles
 b - 10 poisoned darts
 j - 27 stones
 o - 3 atropa-tipped darts
 p - 3 boomerangs (quivered)
 w - 2 javelins
Armour
 t - a +0 scale mail (worn)
 y - a +0 pair of gloves (worn)
 A - a +1 cloak (worn)
Jewellery
 m - a +5 ring of evasion (left hand)
 v - a ring of magical power
Wands
 B - a wand of roots (8)
 D - a wand of flame (12)
Scrolls
 c - 3 scrolls of poison
 d - a scroll of fear
 u - 2 scrolls of blinking
 C - a scroll of immolation
Potions
 e - 2 potions of resistance
 f - a potion of magic
 g - a potion of haste
 h - 2 potions of might
 k - a potion of berserk rage
 l - a potion of mutation {unknown}
 n - a potion of flight {unknown}
 q - a potion of ambrosia
 r - a potion of curing
 x - a potion of lignification {unknown}
 z - a potion of heal wounds


   Skills:
 * Level 4.8 Fighting
 - Level 2.6 Long Blades
 - Level 1.0 Throwing
 * Level 3.8 Armour
 * Level 3.8 Dodging
 - Level 1.0 Stealth
 - Level 1.0 Spellcasting
 - Level 2.1 Necromancy


You had 8 spell levels left.
You didn't know any spells.
Your spell library contained the following spells:

 Spells                   Type           Power      Damage    Failure   Level
 Sublimation of Blood     Necr           7%         N/A       58%         2
 Cigotuvi's Dreadful Rot  Necr/Pois/Air  6%         N/A       80%         2


Dungeon Overview and Level Annotations

Branches:
Dungeon (5/15)             Temple (1/1) D:5

Altars:
Ashenzari
Cheibriados
Fedhas
Gozag
Hepliaklqana
Kikubaaqudgha
Nemelex Xobeh
Okawaru
Qazlal
Ru
Sif Muna
Trog
Uskayaw
Wu Jian
Xom

Shops:
D:1 [   D:5 (


Innate Abilities, Weirdness & Mutations

You have a pair of small antennae on your head.
You are partially covered in yellow scales. (AC +2)
Your demonic aura sometimes causes spilled blood to erupt in flames.
Spells you cast may paralyse adjacent enemies.


Message History

The ice beast hits you but does no damage.
You hit the ice beast.
The ice beast is poisoned.
The ice beast is lightly wounded.
You hit the ice beast.
The ice beast is moderately wounded.
The ice beast hits you but does no damage.
You hit the ice beast but do no damage.
The ice beast is heavily wounded.
The ice beast hits you. The ice beast freezes you!
You barely miss the ice beast.
The ice beast is heavily wounded.
The ice beast hits you but does no damage.
Your +4 dagger of venom stops dripping with poison.
s - a +3 falchion (weapon)
The ice beast hits you. The ice beast freezes you!
You barely miss the ice beast.
The ice beast is heavily wounded.
The ice beast closely misses you.
You hit the ice beast.
The ice beast is heavily wounded.
The ice beast barely misses you.
You closely miss the ice beast.
The ice beast is severely wounded.
The ice beast hits you but does no damage.
You hit the ice beast.
The ice beast is almost dead.
The ice beast hits you but does no damage.
You barely miss the ice beast.
The ice beast is almost dead.
The ice beast hits you. The ice beast freezes you!
You closely miss the ice beast.
The ice beast is almost dead.
The ice beast barely misses you.
You barely miss the ice beast.
The ice beast is almost dead.
You kill the ice beast!
You have reached level 7!
Your demonic ancestry asserts itself...
A pair of antennae grows on your head!
Are you sure you want to abandon this character and quit the game? (Confirm with "yes".)

.≈≈≈..≈ ≈...≈.≈ ≈._.≈.≈
### ≈...≈.≈ ..# .≈≈≈..≈
#.# ≈≈≈≈≈≈.#### #.#
......$#..# #.# ###
##### #@..###.#######
...
#.#.#####...........#
###.#
##§§§....#####.#####.#
.....###§§#.###.#####.#
.......§§§§§..........#
.......§§§#####..######
###.##§§§## #..#
......§..######[.###
###.##§§...........#


There were no monsters in sight!

Vanquished Creatures
  A water moccasin (D:5)
  2 ice beasts (D:5)
  A scorpion (D:4)
  A jelly (D:5)
  An orc priest (D:3)
  A sleepcap (D:5)
  Terence (D:2)
  4 adders
  A gnoll (D:3)
  A dart slug (D:3)
  17 orcs
  4 ball pythons
  3 endoplasms
  A giant cockroach (D:4)
  4 goblins
  6 hobgoblins
  6 jackals
  2 kobolds
  2 quokkas (D:2)
  3 bats
  A frilled lizard (D:2)
  A rat (D:1)
64 creatures vanquished.

Notes
Turn   | Place    | Note
-------+----------+-------------------------------------------
     0 | D:1      | Chiseanne the Demonspawn Wanderer began the quest for the
                  | Orb.
     0 | D:1      | Chiseanne set off with the following items: a +2 falchion,
                  | 11 poisoned darts, a +0 dagger, a scroll of fear, a +0
                  | robe; and the following spells available to memorise:
                  | Sublimation of Blood, Cigotuvi's Dreadful Rot.
     0 | D:1      | Reached XP level 1. HP: 16/16 MP: 2/2
   234 | D:1      | Found Itzo's Armour Shoppe.
   453 | D:2      | Gained mutation: Your demonic aura sometimes causes spilled
                  | blood to erupt in flames. [demonic ancestry]
   453 | D:2      | Reached XP level 2. HP: 22/22 MP: 3/3
   587 | D:2      | Reached skill level 1 in Armour
   767 | D:2      | Reached skill level 1 in Dodging
   786 | D:2      | You fall into a shaft and drop 1 floor!
   797 | D:3      | Gained mutation: You are partially covered in yellow
                  | scales. (AC +2) [demonic ancestry]
   797 | D:3      | Reached XP level 3. HP: 28/28 MP: 4/4
  1145 | D:2      | Noticed Terence
  1158 | D:2      | Killed Terence
  1159 | D:2      | Reached skill level 3 in Fighting
  1159 | D:2      | Gained mutation: Spells you cast may paralyse adjacent
                  | enemies. [demonic ancestry]
  1159 | D:2      | Reached XP level 4. HP: 32/35 MP: 5/5
  1415 | D:3      | Found a sacrificial altar of Ru.
  1588 | D:3      | Found a shimmering blue altar of Sif Muna.
  1597 | D:3      | Found an ancient bone altar of Kikubaaqudgha.
  1802 | D:3      | Reached XP level 5. HP: 7/41 MP: 6/6
  2830 | D:5      | Entered Level 5 of the Dungeon
  2856 | D:5      | Reached XP level 6. HP: 48/48 MP: 7/7
  2864 | D:5      | Found Dudojemp's Hydra Hut.
  2870 | D:5      | Found a staircase to the Ecumenical Temple.
  2880 | D:5      | Noticed a four-headed hydra
  2901 | Temple   | Entered the Ecumenical Temple
  3003 | Temple   | Became a worshipper of Gozag Ym Sagoz the Greedy
  3028 | D:5      | Reached skill level 4 in Fighting
  3030 | D:5      | Noticed an ice beast
  3043 | D:5      | Killed an ice beast
  3108 | D:5      | Noticed a water moccasin
  3119 | D:5      | Killed a water moccasin
  3173 | D:5      | Found a broken altar of Ashenzari.
  3176 | D:5      | Noticed an ice beast
  3200 | D:5      | Killed an ice beast
  3201 | D:5      | Gained mutation: You have a pair of small antennae on your
                  | head. [demonic ancestry]
  3201 | D:5      | Reached XP level 7. HP: 19/55 MP: 8/8
  3201 | D:5      | Quit the game

Illustrated notes

Levels and vault maps discovered:
D:1:      psy_arrival_heroes, layout_rooms, serial_shops,
          nicolae_shop_window_shopping
D:2:      layout_loops_ring, minmay_misc_feat_doors, uniq_terence
D:3:      layout_basic, mainiacjoe_overflow_concentric_impassable,
          jmf_multi_god_temple, minivault_19
D:4:      layout_loops_ring, chequers_mini_garden, minmay_misc_feat_chi
D:5:      layout_loops_ring, grunt_temple_overflow_lords_of_destruction,
          mainiacjoe_overflow_brackets, mainiacjoe_overflow_paths,
          minmay_temple_entry_mini_moons, doesnt_shop_hydraphobe
Temple:   regret_index_temple_waves

Skill      XL: |  1  2  3  4  5  6 |
---------------+-------------------+-----
Armour         | 1 2 3 |  3.8
Dodging        | 1 2 3 |  3.8
Fighting       | 3 4 |  4.8
Long Blades    | |  2.6
Throwing       | |  1.0
Stealth        | |  1.0
Spellcasting   | |  1.0
Necromancy     | |  2.1

Action                     |  1- 3 |  4- 6 |  7- 9 || total
---------------------------+-------+-------+-------++-------
  Melee: Falchion          |    24 |    19 |       ||    43
         Dagger            |    59 |   101 |       ||   160
  Throw: Dart              |     6 |     6 |       ||    12
         Boomerang         |       |     3 |       ||     3
         Javelin           |       |     2 |       ||     2
    Use: Scroll            |     8 |     8 |       ||    16
   Stab: Invisible         |     1 |       |       ||     1
 Armour: Ring mail         |    28 |       |       ||    28
         Scale mail        |       |    35 |       ||    35
  Dodge: Dodged            |    43 |    66 |       ||   109
